 Dungeon Crawl Stone Soup version 0.31-a0-1183-gd88bbb8b4d (webtiles) character file.

Game seed: 13586566960982705321

359 qw the Shooter (level 6, 0/39 HPs)
             Began as a Gargoyle Hunter on Dec 11, 2023.
             Slain by a black bear (1 damage)
             ... on level 5 of the Dungeon.
             The game lasted 00:01:28 (3393 turns).

qw the Shooter (Gargoyle Hunter)                    Turns: 3393, Time: 00:01:29

Health: 0/39       AC: 10    Str: 11 (14) XL:     6   Next: 65%
Magic:  6/6        EV: 10    Int: 10      God:
Gold:   242        SH:  0    Dex: 15      Spells: 5/5 levels left

rFire   . . .        a - +0 shortbow
rCold   . . .        (shield currently unavailable)
rNeg    + . .        d - +0 ring mail
rPois   inf          (no helmet)
rElec   +            (no cloak)
rCorr   .            (no gloves)
SInv    .            e - +0 pair of boots
Will    .....        (no amulet)
Stlth   +            (no ring)
HPRegen 0.26/turn    (no ring)
MPRegen 0.10/turn

%: no passive effects
@: no status effects
A: sickness immunity, AC +4, negative energy resistance 1, electricity
resistance, torment resistance 1, petrification resistance
a: no special abilities


You were on level 5 of the Dungeon.
You visited 1 branch of the dungeon, and saw 5 of its levels.

You collected 242 gold pieces.


Innate Abilities, Weirdness & Mutations

You are immune to sickness and miasma.
Your stone body is resilient. (AC +4)
You are immune to poison.
You resist negative energy. (rN+)
You are resistant to electric shocks. (rElec)
You are resistant to unholy torment.
You are immune to petrification.


   Skills:
 - Level 4.5 Fighting
 + Level 6.7 Ranged Weapons
 - Level 1.0 Armour
 - Level 1.5 Dodging
 - Level 1.1 Stealth


You had 5 spell levels left.
You didn't know any spells.
Your spell library was empty.

Inventory:

Hand Weapons
 a - a +0 shortbow (weapon)
Armour
 d - a +0 ring mail (worn)
 e - a +0 pair of boots (worn)
Wands
 k - a wand of flame (3)
Potions
 c - a potion of might
 f - a potion of enlightenment
 g - a potion of mutation
 h - a potion of curing
 j - a potion of cancellation {unknown}
 l - 2 potions of haste {unknown}

Dungeon Overview and Level Annotations

Branches:
Dungeon (5/15)
 Temple: D:4-7

Altars:


Message History

You shoot an arrow. The arrow hits the black bear.
The black bear is heavily wounded.
You shoot an arrow.
The arrow closely misses the black bear.
The black bear bites you. The black bear claws you.
The black bear claws you but does no damage.
You shoot an arrow. The arrow hits the black bear.
The black bear is severely wounded.
The black bear closely misses you. x2
The black bear claws you but does no damage.
You shoot an arrow. The arrow hits the black bear.
The black bear is almost dead.
The black bear bites you but does no damage.
The black bear claws you but does no damage.
The black bear claws you.
You shoot an arrow. The arrow barely misses the black bear.
The black bear bites you but does no damage.
The black bear closely misses you.
The black bear claws you but does no damage.
You shoot an arrow.
The arrow hits the black bear but does no damage.
The black bear is almost dead.
The black bear goes berserk!
The black bear bites you. The black bear completely misses you.
The black bear claws you.
You shoot an arrow. The arrow barely misses the black bear.
The black bear misses you.
The black bear claws you but does no damage.
The black bear closely misses you.
You shoot an arrow.
The arrow completely misses the black bear.
The black bear bites you. The black bear claws you.
The black bear claws you but does no damage.
The black bear bites you! The black bear claws you.
The black bear barely misses you.
You shoot an arrow. The arrow barely misses the black bear.
The black bear bites you but does no damage.
The black bear claws you.
The black bear claws you but does no damage.
The black bear bites you. The black bear claws you.
You die...

#...####.#######.
## ## #.........
#.#######.
#.#######.
#.#####.........
#........#######
#.######.#
#.########.
#..@h......
#####...... #####


You could see a black bear (berserk).

Vanquished Creatures
  A phantom (D:4)
  2 orc priests (D:4)
  2 iguanas (D:4)
  An orc wizard (D:3)
  3 adders (D:3)
  3 gnolls (D:3)
  3 worms
  A dart slug (D:2)
  7 orcs
  7 ball pythons
  6 endoplasms
  2 giant cockroaches
  4 goblins
  8 hobgoblins
  5 jackals
  3 quokkas
  A bat (D:2)
  4 frilled lizards
  11 kobolds
  7 rats
81 creatures vanquished.

Notes
Turn   | Place    | Note
-------+----------+-------------------------------------------
     0 | D:1      | qw the Gargoyle Hunter began the quest for the Orb.
     0 | D:1      | Reached XP level 1. HP: 12/12 MP: 1/1
     0 | D:1      | 0 ||| qw: Version: 0.3-a-106-g2cfff9e
     0 | D:1      | 0 ||| qw: Game counter: 2097
     0 | D:1      | 0 ||| qw: Melee chars always use a shield: true
     0 | D:1      | 0 ||| qw: God list: Okawaru
     0 | D:1      | 0 ||| qw: Allow faded altars: false
     0 | D:1      | 0 ||| qw: Do Orc after clearing Dungeon:15 true
     0 | D:1      | 0 ||| qw: Do second Lair branch before Depths: true
     0 | D:1      | 0 ||| qw: Lair rune preference: random
     0 | D:1      | 0 ||| qw: Goals: Normal, Save, Zot:1-4, Win
     0 | D:1      | 0 ||| PLANNING D:1-11
    76 | D:1      | Found a faded altar of an unknown god.
    99 | D:1      | Reached XP level 2. HP: 17/17 MP: 2/2
   660 | D:1      | 660 ||| UPGRADING to +0 ring mail.
   670 | D:1      | 670 ||| DROPPING +0 leather armour.
   671 | D:1      | 671 ||| UPGRADING to +0 pair of boots.
   676 | D:1      | 676 ||| DROPPING scroll of butterflies.
   761 | D:2      | 761 ||| STAIRDANCE
   814 | D:2      | Reached XP level 3. HP: 21/21 MP: 3/3
   980 | D:2      | Reached skill level 1 in Armour
  1355 | D:2      | Reached skill level 5 in Ranged Weapons
  1589 | D:2      | 1589 ||| READING scroll labelled IMIWARIDEE.
  1590 | D:2      | 1590 ||| READING 3 scrolls labelled CAP BETUORU.
  1605 | D:2      | 1605 ||| READING scroll labelled IFIAMY CENWEPU.
  1606 | D:2      | 1606 ||| READING scroll labelled PYS OCISIOLI.
  1607 | D:2      | 1607 ||| DRINKING 2 fuming silvery potions.
  1608 | D:2      | 1608 ||| DROPPING 2 scrolls of torment.
  1763 | D:3      | Reached skill level 3 in Fighting
  1763 | D:3      | Reached XP level 4. HP: 12/28 MP: 4/4
  2050 | D:3      | Reached XP level 5. HP: 32/32 MP: 5/5
  2402 | D:3      | 2402 ||| READING 2 scrolls labelled DAPHAI WEVATS.
  2402 | D:3      | 2402 ||| IDENTIFYING green potion
  2403 | D:3      | 2403 ||| READING scroll of identify.
  2403 | D:3      | 2403 ||| IDENTIFYING smoky amethyst potion
  2404 | D:3      | 2404 ||| DRINKING 3 sapphire potions.
  2405 | D:3      | 2405 ||| DRINKING 2 yellow potions.
  2406 | D:3      | 2406 ||| DROPPING potion of lignification.
  2407 | D:3      | 2407 ||| DROPPING potion of degeneration.
  2469 | D:4      | HP: 8/32 [iguana (5)]
  2470 | D:4      | 2470 ||| DRINKING 2 potions of heal wounds.
  2483 | D:4      | HP: 5/32 [iguana (6)]
  2484 | D:4      | 2484 ||| DRINKING potion of heal wounds.
  2488 | D:4      | Reached skill level 6 in Ranged Weapons
  2711 | D:4      | Noticed a phantom
  2729 | D:4      | Killed a phantom
  2730 | D:4      | Reached XP level 6. HP: 37/39 MP: 6/6
  2868 | D:4      | 2868 ||| FLEEEEING.
  3313 | D:4      | 3313 ||| READING 2 scrolls of identify.
  3313 | D:4      | 3313 ||| IDENTIFYING bubbling puce potion
  3314 | D:4      | 3314 ||| READING scroll of identify.
  3314 | D:4      | 3314 ||| IDENTIFYING puce potion
  3315 | D:4      | 3315 ||| READING scroll labelled CUETIGGIAN.
  3346 | D:5      | Entered Level 5 of the Dungeon
  3381 | D:5      | Noticed a black bear
  3392 | D:5      | HP: 9/39 [black bear (10)]
  3393 | D:5      | HP: 2/39 [black bear (6)]
  3393 | D:5      | Slain by a black bear

Levels and vault maps discovered:
D:1:      minmay_arrival_nine_rooms, layout_basic,
          dreamdust_ecumenical_altar_grove
D:2:      layout_basic, minmay_misc_feat_encased, kennysheep_boxes
D:3:      layout_basic
D:4:      cheibrodos_helix_gallery, layout_basic, hangedman_decor_opposing,
          nicolae_houndstooth_variations
D:5:      layout_loops_ring, minmay_temple_entry_glass

Skill      XL: |  1  2  3  4  5 |
---------------+----------------+-----
Armour         | 1 |  1.0
Ranged Weapons | 5 6 |  6.7
Fighting       | 3 4 |  4.5
Dodging        | |  1.5
Stealth        | |  1.1

Action                     |  1- 3 |  4- 6 || total
---------------------------+-------+-------++-------
   Fire: Shortbow          |   158 |   208 ||   366
    Use: Scroll            |     4 |     5 ||     9
         Potion            |     1 |     4 ||     5
 Armour: Leather armour    |    18 |       ||    18
         Ring mail         |    26 |   100 ||   126
  Dodge: Dodged            |    36 |    71 ||   107

Table legend:
 A = Non-vault XP
 B = Vault XP
 C = Vault XP percentage of total XP
 D = Non-vault monster count
 E = Vault monster count
 F = Vault count percentage of total count
                 A         B        C        D         E       F
            +---------+---------+-------+---------+---------+-------
      Total |     475 |      38 |   7.4 |      79 |       2 |   2.5
            +---------+---------+-------+---------+---------+-------
        D:1 |      28 |       0 |   0.0 |      19 |       0 |   0.0
        D:2 |      30 |       0 |   0.0 |      15 |       0 |   0.0
        D:3 |     161 |       0 |   0.0 |      28 |       0 |   0.0
        D:4 |     256 |      38 |  12.9 |      17 |       2 |  10.5
            +---------+---------+-------+---------+---------+-------
